 Dungeon Crawl Stone Soup version 0.29-a0-1023-g6ae1a4a2c7 (webtiles) character file.

Game seed: 18393148549343685190

80 ytrimaz the Ruffian (level 4, -4/33 HPs)
             Began as a Demonspawn Gladiator on Aug 11, 2022.
             Killed from afar by Sigmund (5 damage)
             ... with a magic dart
             ... on level 2 of the Dungeon.
             The game lasted 00:01:24 (2011 turns).

ytrimaz the Ruffian (Demonspawn Gladiator)          Turns: 2011, Time: 00:01:25

Health: -4/33      AC:  5    Str: 16    XL:     4   Next: 18%
Magic:  4/4        EV: 12    Int: 10    God:
Gold:   91         SH:  0    Dex: 14    Spells: 3/3 levels left

rFire   . . .      SeeInvis .     - Unarmed
rCold   . . .      Faith    .   (no shield)
rNeg    . . .      Spirit   .   a - +0 leather armour
rPois   .          Reflect  .   b - +1 helmet
rElec   .          Harm     .   (no cloak)
rCorr   .          Rampage  .   (no gloves)
Will    .....                   (no boots)
Stlth   +.........              (no amulet)
HPRegen 0.11/turn               (no ring)
MPRegen 0.09/turn               (no ring)

@: flying
A: hooves 1, spiny 1, wild magic 1
a: no special abilities


You were on level 2 of the Dungeon.
You visited 1 branch of the dungeon, and saw 2 of its levels.

You collected 91 gold pieces.

Inventory:

Missiles
 c - 3 throwing nets (quivered)
 d - a javelin
Armour
 a - a +0 leather armour (worn)
 b - a +1 helmet (worn)
 o - a +0 kite shield
Scrolls
 e - a scroll of fear
 g - 2 scrolls of poison
Potions
 j - a potion of resistance


   Skills:
 - Level 2.0 Fighting
 - Level 1.7 Throwing
 + Level 3.5 Dodging
 + Level 4.0 Unarmed Combat


You had 3 spell levels left.
You didn't know any spells.
Your spell library was empty.

Dungeon Overview and Level Annotations

Branches:
Dungeon (2/15)

Altars:

Annotations:
D:2 Sigmund


Innate Abilities, Weirdness & Mutations

You have large cloven feet.
You are partially covered in sharp spines.
Your spells are a little harder to cast, but a little more powerful.


Message History

Found a stone staircase leading up.
Sigmund is nearby!
Sigmund is nearby!
Sigmund shouts!
Sigmund hits you from afar with a +0 scythe.
There is a stone staircase leading up here.
Sigmund hits you with a +0 scythe.
You closely miss Sigmund. You hit Sigmund. You kick Sigmund, but do no damage.
Sigmund is lightly wounded.
Sigmund is struck by your spines. Sigmund hits you with a +0 scythe!
Sorry, you're not good enough to have a special ability.
Sorry, you're not good enough to have a special ability.
Unknown command.
Sorry, you're not good enough to have a special ability.
Sorry, you're not good enough to have a special ability.
Unknown command.
Sorry, you're not good enough to have a special ability.
Sorry, you're not good enough to have a special ability.
Sorry, you're not good enough to have a special ability.
It was a potion of mutation.
You feel extremely strange.
You feel less in control of your magic.
Unknown command.
It was a potion of flight.
You feel very buoyant.
You fly up into the air.
Sigmund points at you and mumbles some strange words.
The magic dart hits you!
* * * LOW HITPOINT WARNING * * *
Unknown command.
You hit Sigmund but do no damage. You kick Sigmund.
Sigmund is lightly wounded.
Sigmund casts a spell at you. The magic dart hits you.
* * * LOW HITPOINT WARNING * * *
You hit Sigmund but do no damage.
Sigmund is lightly wounded.
Sigmund casts a spell at you. The magic dart hits you.
You die...

......†.#
.#####..#
#.#####..#
#........#
#######.##
#.# #.#
#########.#
#....@@<..#
#.#########
# #### #...
#.## # # #
#.##


You could see Sigmund.

Vanquished Creatures
  A gnoll (D:1)
  3 adders (D:2)
  A dart slug (D:1)
  6 bats
  2 endoplasms (D:1)
  3 giant cockroaches
  2 goblins (D:1)
  4 hobgoblins
  6 kobolds (D:1)
  A quokka (D:2)
  4 ball pythons
  5 frilled lizards (D:1)
  3 rats (D:1)
41 creatures vanquished.

Notes
Turn   | Place    | Note
-------+----------+-------------------------------------------
     0 | D:1      | ytrimaz the Demonspawn Gladiator began the quest for the
                  | Orb.
     0 | D:1      | Reached XP level 1. HP: 16/16 MP: 1/1
   463 | D:1      | Reached skill level 3 in Unarmed Combat
   463 | D:1      | Gained mutation: You have large cloven feet. [demonic
                  | ancestry]
   463 | D:1      | Reached XP level 2. HP: 19/22 MP: 2/2
   830 | D:1      | Found a faded altar of an unknown god.
   946 | D:1      | Gained mutation: You are partially covered in sharp spines.
                  | [demonic ancestry]
   946 | D:1      | Reached XP level 3. HP: 27/27 MP: 3/3
  1452 | D:2      | Reached XP level 4. HP: 33/33 MP: 4/4
  1970 | D:2      | Reached skill level 4 in Unarmed Combat
  2002 | D:2      | Noticed Sigmund
  2008 | D:2      | Gained mutation: Your spells are a little harder to cast,
                  | but a little more powerful. [potion of mutation]
  2010 | D:2      | HP: 1/33 [Sigmund/magic dart (6)]
  2011 | D:2      | Killed from afar by Sigmund

Illustrated notes

Levels and vault maps discovered:
D:1:      dpeg_arrival_line_fractal, layout_basic, basic_ecumenical_altar
D:2:      layout_loops_ring, supply_closet_lemuel, uniq_sigmund

Skill      XL: |  1  2  3  4 |
---------------+-------------+-----
Dodging        | 3 |  3.5
Unarmed Combat | 3 4 |  4.0
Fighting       | |  2.0
Throwing       | |  1.7

Action                   |  1- 3 |  4- 6 || total
-------------------------+-------+-------++-------
Melee: Unarmed           |   107 |     9 ||   116
       Kick              |    16 |     2 ||    18
  Use: Scroll            |       |     7 ||     7
       Potion            |       |     2 ||     2
 Stab: Sleeping          |     3 |       ||     3
Armor: Leather armour    |    37 |     1 ||    38
Dodge: Dodged            |    62 |     5 ||    67

Table legend: (Time is in decaauts)
 A = Elapsed time spent in this place.
 B = Non-inter-level travel time spent in this place.
 C = Inter-level travel time spent in this place.
 D = Time resting spent in this place.
 E = Time spent auto-exploring this place.
 F = Levels seen in this place.
 G = Mean time per level.
                   A        B        C        D        E       F      G
               +--------+--------+--------+--------+--------+-----+--------+
         Total |   2004 |   1985 |     19 |    200 |   1530 |   2 | 1002.0 |
       Dungeon |   2004 |   1985 |     19 |    200 |   1530 |   2 | 1002.0 |
               +--------+--------+--------+--------+--------+-----+--------+

Top non-repeatable levels by time:
     D:1: 1173 daAuts
     D:2: 831 daAuts
